 Dungeon Crawl Stone Soup version 0.30-a0-341-g682706514a (webtiles) character file.

Game seed: 17764250396044148328

16436 KKCryptic the Cleaver (level 12, -28/81 HPs)
             Began as a Demonspawn Berserker on Nov 3, 2022.
             Was an Elder of Trog.
             Annihilated by an enormous slime creature (49 damage)
             ... on level 12 of the Dungeon.
             The game lasted 01:17:11 (11253 turns).

KKCryptic the Cleaver (Demonspawn Berserker)       Turns: 11253, Time: 01:17:11

Health: -28/81     AC: 23    Str: 27    XL:     12   Next: 10%
Magic:  12/12      EV: 17    Int: 10    God:    Trog [****..]
Gold:   956        SH:  5    Dex: 13    Spells: 11/11 levels left

rFire   + . .      SeeInvis +    g - +2 halberd (vamp)
rCold   + . .      Faith    .    (shield currently unavailable)
rNeg    . . .      Spirit   .    h - +3 chain mail
rPois   .          Reflect  +    i - +0 helmet
rElec   .          Harm     .    O - scarf {rC+ rF+}
rCorr   .          Rampage  .    I - +2 pair of gloves
Will    .....                    y - +0 pair of boots
Stlth   ..........               Q - amulet of reflection
HPRegen 0.33/turn                v - ring of see invisible
MPRegen 0.13/turn                j - +6 ring of strength

@: agile, lethally poisoned (-28 -> -31)
A: claws 2, slimy green scales 2, powered by pain 2, demonic magic 1
a: Renounce Religion, Berserk, Trog's Hand, Brothers in Arms


You were on level 12 of the Dungeon.
You worshipped Trog.
Trog was greatly pleased with you.
You visited 1 branch of the dungeon, and saw 12 of its levels.
You also visited: Bailey.

You collected 956 gold pieces.

Inventory:

Hand Weapons
 a - a +2 hand axe of freezing
 g - a +2 vampiric halberd (weapon)
 A - a +3 halberd
 B - a +1 great mace
 M - a +1 vampiric trident
 U - a +0 battleaxe
 Y - a +0 morningstar
Armour
 h - a +3 chain mail (worn)
 i - a +0 helmet (worn)
 o - a +0 plate armour
 y - a +0 pair of boots (worn)
 I - a +2 pair of gloves (worn)
 O - a scarf of resistance (worn)
 W - a +3 leather armour of poison resistance
 X - a +3 ring mail of fire resistance
Jewellery
 e - a ring of positive energy
 j - a +6 ring of strength (right hand)
 p - a ring of fire
 v - a ring of see invisible (left hand)
 H - a ring of fire
 Q - an amulet of reflection (around neck)
 Z - a ring of poison resistance
Wands
 r - a wand of flame (27)
 D - a wand of quicksilver (11)
 V - a wand of iceblast (4)
Scrolls
 d - 4 scrolls of butterflies
 f - 3 scrolls of silence
 k - a scroll of fear
 l - a scroll of vulnerability {unknown}
 t - a scroll of immolation {unknown}
 w - a scroll of amnesia {unknown}
 E - 2 scrolls of enchant armour
 G - a scroll of poison {unknown}
 K - a scroll of blinking {unknown}
 N - a scroll of magic mapping
 S - a scroll of enchant weapon {unknown}
 T - a scroll of teleportation {unknown}
Potions
 b - 2 potions of invisibility
 c - 3 potions of resistance
 m - 3 potions of brilliance
 n - a potion of might {unknown}
 q - a potion of heal wounds
 s - a potion of mutation {unknown}
 u - 3 potions of haste
 x - a potion of degeneration {unknown}
 z - 3 potions of curing
 C - 3 potions of attraction


   Skills:
 - Level 3.0 Fighting
 - Level 12.6(13.5) Axes
 * Level 7.9(11.2) Polearms
 + Level 8.0 Armour
 + Level 8.0 Dodging


You had 11 spell levels left.
You didn't know any spells.
Your spell library was empty.

Dungeon Overview and Level Annotations

Branches:
Dungeon (12/15)            Temple (0/1) D:5            Lair (0/5) D:11
 Bailey (visited)
    Orc: D:9-12

Altars:

Shops:
D:12 [

Annotations:
D:7 3 runed translucent doors, LnG's ghost, novice KoSu; MrSquiggles's ghost, novice OpWn; gabagool's ghost, novice KoMo


Innate Abilities, Weirdness & Mutations

You have very sharp fingernails.
You are mostly covered in slimy green scales. (AC +3)
You sometimes gain power by taking damage.
Spells you cast may paralyse adjacent enemies.


Message History

The green ugly thing closely misses you.
The green ugly thing attacks as you move away!
You block the green ugly thing's attack.
The green ugly thing misses you.
The green ugly thing attacks as you move away!
The green ugly thing trunk-slaps you but does no damage.
You block the green ugly thing's attack.
You impale the green ugly thing!!
The green ugly thing is heavily wounded.
You barely miss the green ugly thing.
The green ugly thing is heavily wounded.
The green ugly thing trunk-slaps you!
You are poisoned.
The green ugly thing poisons you!
The green ugly thing attacks as you move away!
The green ugly thing misses you.
You feel extremely sick.
You feel extremely sick.
The green ugly thing trunk-slaps you but does no damage.
The enormous slime creature attacks as you move away!
The enormous slime creature closely misses you.
You feel very sick.
The green ugly thing trunk-slaps you but does no damage.
You feel very sick.
You feel very sick.
You feel very sick.
The enormous slime creature attacks as you move away!
The enormous slime creature hits you!
You focus on the pain.
You feel agile all of a sudden.
The green ugly thing attacks as you move away!
The green ugly thing barely misses you.
You feel sick.
The enormous slime creature attacks as you move away!
The enormous slime creature completely misses you.
You feel sick.
As you read the scroll of butterflies, it crumbles to dust.
You hear the tinkle of a tiny bell.
You feel sick.
The green ugly thing trunk-slaps you but does no damage.
The enormous slime creature hits you!!!
Ouch! That really hurt!
You die...

.................................
..................######..####...
....#####..####...# #..# #.##
....# #..# #.b.# #..# #.# ....#
#..# #.bb# #..# #.# ....# #..#


#bbb# #..# #.# ..^.# #..# #bbb# #..# #.# ....# #..# #bbb# #..# #.# ....# #..#
#b@b# #..# #.# ....# #Jub# #..# #.# ....# #..# #bbb# #..# #.# ....# #..# #bbb#
#..# #.# ....# #..# #bbb# #..# #.# ....# #..# #bbb# #..# #.# ....# #..# #...#
#..# #.# ....# #..####...# #..# #.# ....# #.........# #..# #.# You could see a
green ugly thing (ally target) and an enormous slime creature (ally target).

Vanquished Creatures
  2 two-headed ogres (D:11)
  A tengu warrior (D:12)
  2 cyclopes
  A gargoyle (Bailey)
  3 unseen horrors (D:11)
  2 unseen horror zombies (D:9)
  2 komodo dragons
  Prince Ribbit (D:7)
  2 trolls
  2 hornets (D:9)
  15 slime creatures
  2 wraiths
  A wyvern (D:10)
  Eustachio (D:4)
  7 yaks
  2 steam dragons
  2 acid dragons
  2 orc warriors (D:12)
  2 sky beasts (D:6)
  4 ice beasts
  4 centaurs
  Blork the orc (D:4)
  2 kobold brigands
  A necrophage (D:8)
  A bullfrog (D:8)
  A gnoll sergeant (D:7)
  13 wights
  14 killer bees
  A howler monkey (D:5)
  7 vampire bats (Bailey)
  8 wolf zombies (Bailey)
  2 centaur zombies (D:9)
  5 hounds
  2 jellies (D:6)
  5 orc priests
  A gnoll bouda (D:10)
  5 iguanas
  15 orc wizards
  15 adders
  7 gnolls
  2 white imps (D:5)
  An ufetubus (D:4)
  A worm (D:5)
  2 dart slugs
  49 orcs
  3 endoplasms
  A giant cockroach (D:1)
  11 goblins
  7 hobgoblins
  10 jackals
  12 kobolds
  A quokka (D:5)
  4 ball pythons
  6 bats
  A frilled lizard (D:3)
  17 orc zombies (Bailey)
  2 rats
296 creatures vanquished.

Vanquished Creatures (collateral kills)
  An unseen horror zombie (D:9)
  A vampire (Bailey)
  A basilisk (D:9)
  2 acid dragons (D:9)
  2 orc warriors (D:10)
  A wight (D:9)
  An orc priest (D:10)
  A howler monkey zombie (D:9)
  2 orcs (D:10)
12 creatures vanquished.

Vanquished Creatures (others)
  5 toadstools (D:1)
  3 withered plants (D:7)
8 creatures vanquished.

Grand Total: 316 creatures vanquished

Notes
Turn   | Place    | Note
-------+----------+-------------------------------------------
     0 | D:1      | KKCryptic the Demonspawn Berserker began the quest for the
                  | Orb.
     0 | D:1      | Reached XP level 1. HP: 18/18 MP: 1/1
   137 | D:1      | Reached skill level 3 in Axes
   393 | D:1      | Gained mutation: You are partially covered in slimy green
                  | scales. (AC +2) [demonic ancestry]
   393 | D:1      | Reached XP level 2. HP: 18/24 MP: 2/2
   494 | D:2      | Reached XP level 3. HP: 29/29 MP: 3/3
   576 | D:2      | Reached skill level 4 in Axes
   664 | D:2      | Reached ** piety under Trog
  1091 | D:2      | Gained mutation: You have sharp fingernails. [demonic
                  | ancestry]
  1091 | D:2      | Reached XP level 4. HP: 32/35 MP: 4/4
  1264 | D:3      | Reached skill level 5 in Axes
  1371 | D:3      | Reached XP level 5. HP: 38/41 MP: 5/5
  1727 | D:3      | Identified the +5 leather armour "Vogoot" {MP+9}
  1972 | D:3      | Reached *** piety under Trog
  1996 | D:3      | Found a faded altar of an unknown god.
  2167 | D:4      | Noticed Eustachio
  2167 | D:4      | Noticed Blork the orc
  2178 | D:4      | Killed Blork the orc
  2179 | D:4      | Reached skill level 6 in Axes
  2179 | D:4      | Gained mutation: You are mostly covered in slimy green
                  | scales. (AC +3) [demonic ancestry]
  2179 | D:4      | Reached XP level 6. HP: 47/47 MP: 6/6
  2182 | D:4      | Killed Eustachio
  2183 | D:4      | Reached skill level 7 in Axes
  2438 | D:4      | Gained mutation: You sometimes gain a little power by
                  | taking damage. [demonic ancestry]
  2438 | D:4      | Reached XP level 7. HP: 52/52 MP: 7/7
  2877 | D:5      | Entered Level 5 of the Dungeon
  2943 | D:5      | Found a staircase to the Ecumenical Temple.
  3306 | D:5      | Reached skill level 8 in Axes
  3747 | D:6      | Reached **** piety under Trog
  3868 | D:6      | Reached skill level 9 in Axes
  3868 | D:6      | Reached XP level 8. HP: 47/58 MP: 8/8
  4412 | D:6      | Reached skill level 10 in Axes
  4665 | D:7      | Noticed Prince Ribbit
  4685 | D:7      | Killed Prince Ribbit
  4843 | D:7      | Found a runed translucent gate.
  4858 | D:7      | Gained mutation: You have very sharp fingernails. [demonic
                  | ancestry]
  4858 | D:7      | Reached XP level 9. HP: 29/63 MP: 9/9
  4858 | D:7      | Found a runed translucent gate.
  4985 | D:7      | Found a runed translucent gate.
  5112 | D:7      | Noticed a komodo dragon
  5122 | D:7      | Killed a komodo dragon
  5123 | D:7      | Reached skill level 11 in Axes
  5302 | D:7      | Noticed gabagool's ghost (novice KoMo)
  5302 | D:7      | Noticed MrSquiggles's ghost (novice OpWn)
  5303 | D:7      | Noticed LnG's ghost (novice KoSu)
  6107 | D:9      | Gained mutation: Spells you cast may paralyse adjacent
                  | enemies. [demonic ancestry]
  6107 | D:9      | Reached XP level 10. HP: 57/70 MP: 10/10
  6110 | D:9      | Reached skill level 12 in Axes
  6111 | D:9      | Reached skill level 5 in Armour
  6111 | D:9      | Reached skill level 5 in Dodging
  6181 | D:9      | Found a flagged portal.
  6223 | Bailey   | Entered a bailey
  6658 | Bailey   | Noticed a gargoyle
  6677 | Bailey   | Killed a gargoyle
  7186 | D:9      | HP: 3/70 [poisoned by a hornet]
  7187 | D:9      | Paralysed by a hornet for 1 turns
  7189 | D:9      | Reached skill level 1 in Polearms
  8197 | D:10     | Entered Level 10 of the Dungeon
  8424 | D:10     | Reached XP level 11. HP: 30/73 MP: 11/11
  9485 | D:11     | Found a staircase to the Lair.
  9522 | D:11     | Noticed a two-headed ogre
  9538 | D:11     | Killed a two-headed ogre
  9744 | D:11     | Reached skill level 5 in Polearms
  9927 | D:11     | HP: 2/75 [slime creature (5)]
 10375 | D:12     | Noticed a two-headed ogre
 10398 | D:11     | Killed a two-headed ogre
 10633 | D:12     | Reached ***** piety under Trog
 10772 | D:12     | Noticed a tengu warrior
 10799 | D:12     | Killed a tengu warrior
 10976 | D:12     | Gained mutation: You sometimes gain power by taking damage.
                  | [demonic ancestry]
 10976 | D:12     | Reached XP level 12. HP: 81/81 MP: 12/12
 11224 | D:12     | Found Kosseorch's Armour Boutique.
 11253 | D:12     | Annihilated by an enormous slime creature

Illustrated notes

Levels and vault maps discovered:
D:1:      ldierk_walled_garden, layout_rooms
D:2:      layout_basic
D:3:      layout_basic, hellmonk_ecumenical_altar_leap_of_faith
D:4:      layout_loops_ring, st_stairs_14, chequers_hall_statues_wall_a,
          minmay_statues_item, uniq_blork_the_orc, uniq_eustachio
D:5:      layout_basic, zin_statuary, minmay_temple_entry_mini_moons,
          nrook_uturn
D:6:      layout_basic
D:7:      layout_rooms, gammafunk_ghost_cemetery, minmay_crystal_room,
          uniq_prince_ribbit1
D:8:      layout_rooms
D:9:      layout_stronghold, mainiacjoe_overflow_paths, serial_undead,
          serial_undead_d, serial_undead_a, serial_undead_b, serial_undead_c,
          enter_bailey_5, dreamdust_wishing_well
D:10:     layout_layer_cave, serial_glass, glass_columns_b, glass_columns_b,
          glass_columns_b, glass_columns_c, due_unseen_surprise,
          feat_on_display, minmay_strange_pillars, dreamdust_gnoll_shepherd
D:11:     layout_rooms, lair_entry_dummy
D:12:     layout_long_grid, orc_david_3, minivault_20

Skill      XL: |  1  2  3  4  5  6  7  8  9 10 11 12 |
---------------+-------------------------------------+-----
Axes           | 3 4 5 6 7 9 10 11 12 | 12.6
Armour         | 2 4 6 7 8 |  8.0
Dodging        | 2 4 6 7 8 |  8.0
Polearms       | 3 7 |  7.9
Fighting       | |  3.0

Action                   |  1- 3 |  4- 6 |  7- 9 | 10-12 || total
-------------------------+-------+-------+-------+-------++-------
Melee: Dagger            |    36 |       |       |       ||    36
       Hand axe          |    53 |   159 |   378 |     3 ||   593
       Punch             |       |     1 |     3 |     2 ||     6
       Trident           |       |       |    38 |   243 ||   281
       Halberd           |       |       |       |   457 ||   457
 Fire: Sling             |     6 |       |       |       ||     6
Throw: Stone             |     3 |       |       |       ||     3
Invok: Berserk           |     1 |     2 |     4 |     7 ||    14
       Brothers in Arms  |       |       |     1 |     2 ||     3
       Trog's Hand       |       |       |       |     2 ||     2
  Use: Scroll            |       |       |     9 |     7 ||    16
       Potion            |       |       |     2 |     5 ||     7
 Stab: Sleeping          |       |       |     1 |       ||     1
Armor: Animal skin       |     3 |       |       |       ||     3
       Leather armour    |    14 |    16 |   163 |   143 ||   336
       Ring mail         |    19 |    17 |       |       ||    36
       Chain mail        |       |    33 |       |   160 ||   193
       Plate armour      |       |       |       |    85 ||    85
       Skin              |       |       |       |     3 ||     3
Dodge: Dodged            |    77 |    60 |   224 |   446 ||   807
Block: Other             |       |       |    11 |   170 ||   181
       Reflection        |       |       |     3 |       ||     3

Table legend: (Time is in decaauts)
 A = Elapsed time spent in this place.
 B = Non-inter-level travel time spent in this place.
 C = Inter-level travel time spent in this place.
 D = Time resting spent in this place.
 E = Time spent auto-exploring this place.
 F = Levels seen in this place.
 G = Mean time per level.
                   A        B        C        D        E       F      G
               +--------+--------+--------+--------+--------+-----+--------+
         Total |  11273 |  10993 |    280 |   1991 |   5294 |  13 |  867.2 |
       Dungeon |  10383 |  10103 |    280 |   1634 |   5253 |  12 |  865.2 |
        Bailey |    889 |    889 |      0 |    357 |     41 |   1 |  889.0 |
               +--------+--------+--------+--------+--------+-----+--------+

Top non-repeatable levels by time:
     D:9: 1271 daAuts
    D:11: 1250 daAuts
    D:10: 1150 daAuts
     D:3: 962 daAuts
     D:6: 924 daAuts
  Bailey: 889 daAuts
     D:5: 832 daAuts
     D:7: 780 daAuts
     D:2: 735 daAuts
     D:4: 730 daAuts
    D:12: 694 daAuts
     D:8: 583 daAuts
     D:1: 467 daAuts
